[Event "*** Titled Tuesday Blitz"]
[Site "Chess.com"]
[Date "2020.12.29"]
[Round "2"]
[White "francyIM"]
[Black "Love_craft"]
[Result "0-1"]
[WhiteElo "2691"]
[BlackElo "2494"]
[TimeControl "180+1"]
[EndTime "10:19:46 PST"]
[Termination "Love_craft won by checkmate"]

1. Nf3 Nf6 2. b3 g6 3. Bb2 Bg7 4. g3 O-O 5. Bg2 d6 6. d4 Nbd7 7. O-O c6 8. c4 Qc7 9. Nc3 b6 10. Rc1 Bb7 11. Re1 a6 12. e4 e5 13. h3 Rfe8 14. Qd2 Rad8 15. Kh2 Qb8 16. Rcd1 b5 17. cxb5 cxb5 18. d5 Nc5 19. Ng1 b4 20. Nb1 a5 21.
Qe3 h5 22. Nd2 h4 23. g4 Bc8 24. f3 a4 25. Nc4 Ba6 26. Bf1 Nh7 27. Na5 Qb6 28.
Nc6 Ra8 29. Rc1 Bxf1 30. Rxf1 axb3 31. axb3 Ra2 32. Rf2 Bf6 33. Rc4 Bg5 34. Qe2 Nd3 35. Rg2 Nf4 36. Qf2 Qxf2 37. Rxf2 Nd3 38. Re2 Rxb2 39. Rxb2 Nxb2 40. Rxb4 Nd3 41. Rb8 Rxb8 42. Nxb8 Bf4+ 43. Kg2 Ng5 44. Nc6 Be3 45. b4 Bxg1 46. Kxg1 Nxf3+ 47. Kg2 Nd4 48. Kf1 Kf8 49. Na7 Ke7 50.
b5 Nc5 51. b6 Kd7 52. Kg2 g5 53. Kf2 Nxe4+ 54. Ke3 Nc5 55. Kd2 f5 56. gxf5 Nxf5 57. Kc3 g4 58. Kd2 gxh3 59. Nc6 h2 60. b7 Nxb7 61.
Nb8+ Ke7 62. Kd3 Kf6 63. Nc6 Kg5 64. Nb8 h1=Q 65. Kc4 Qe4+ 66. Kb5 Qd4 67. Kc6 Qc5+ 68. Kd7 Qxd5 69. Nc6 Nc5+ 70. Kc7 Qf7+ 71. Kb6 Qb7+ 72. Ka5 Qa8+ 73. Kb6 Ne3 74. Nb4 Nc4+ 75. Kb5 Na3+ 76. Kb6 Qb7+ 77. Ka5 Qb5# 0-1

[Event "*** Titled Tuesday Blitz"]
[Site "Chess.com"]
[Date "2020.12.29"]
[Round "2"]
[White "Chess_Boxer123"]
[Black "kirillshevchenko"]
[Result "0-1"]
[WhiteElo "2554"]
[BlackElo "2874"]
[TimeControl "180+1"]
[EndTime "10:19:47 PST"]
[Termination "kirillshevchenko won by checkmate"]

1. d4 Nf6 2. Bf4 d6 3. Nc3 Nbd7 4. Nf3 g6 5. e4 Bg7 6. Qd2 a6 7. h3 c5 8. e5 cxd4 9. Qxd4 Nh5 10. Bh2 dxe5 11. Qe3 O-O 12. Nxe5 Nxe5 13. Bxe5 Bxe5 14. Qxe5 Qb6 15. Nd5 Qa5+ 16. b4 Qxd5 17. Qxd5 Bf5 18. g4 Nf6 19. Qb3 Be4 20. f3 Bd5 21. Qe3 Rac8 22. c3 Bc6 23. Rc1 Nd5 24. Qe5 f6 25. Qe6+ Kg7 26. Be2 Rfd8 27. Bc4 Rc7 28. O-O Nf4 29. Qf7+ Kh6 30. Rcd1 Rdc8 31. Be6 Nxh3+ 32. Kh2 Ng5 33. Bxc8 Nxf7 34. Be6 Ng5 35. Bd5 Bxd5 36. Rxd5 Rxc3 37. Kg2 Ne6 38. Rd7 Nf4+ 39. Kf2 Rc2+ 40.
Ke3 e5 41. Rf2 Ng2+ 42. Rxg2 Rxg2 43. Rxb7 Rxa2 44. Rf7 Kg5 45. Rxh7 Ra3+ 46. Ke4 Ra4 47. Ke3 Rxb4 48. Ra7 Rb3+ 49. Ke4 Rb4+ 50. Ke3 Ra4 51. Ra8 a5 52. Ra7 Ra3+ 53. Ke4 a4 54. Ra6 Ra1 55. Ke3 a3 56. Kf2 Ra2+ 57. Kg3 Ra1 58. Kg2 a2 59.
Ra4 Kh6 60. Ra5 f5 61. Ra4 e4 62. gxf5 gxf5 63. fxe4 fxe4 64. Kg3 Rg1+ 65. Kh2 a1=Q 66. Rxe4 Qf1 67. Re6+ Rg6 68. Re3 Qf2+ 69. Kh1 Qg2# 0-1

[Event "*** Titled Tuesday Blitz"]
[Site "Chess.com"]
[Date "2020.12.29"]
[Round "2"]
[White "DavidEgglestonIM"]
[Black "Nadtkins"]
[Result "1/2-1/2"]
[WhiteElo "2705"]
[BlackElo "2542"]
[TimeControl "180+1"]
[EndTime "10:19:47 PST"]
[Termination "Game drawn - insufficient material"]

1. e4 e5 2. Nf3 Nc6 3. Bb5 a6 4. Ba4 Nf6 5. O-O b5 6. Bb3 Be7 7. Re1 O-O 8. c3 d6 9. h3 Na5 10. Bc2 c5 11. d4 Qc7 12. Nbd2 Nc6 13. Nf1 Re8 14. Ne3 Bf8 15. a4 Bd7 16. axb5 axb5 17. Rxa8 Rxa8 18. Nd5 Qd8 19. Nxf6+ Qxf6 20. dxc5 h6 21.
Bb3 Na5 22. Bd5 Rc8 23. cxd6 Bxd6 24. Kh2 Nc4 25. b3 Nb6 26. Bb7 Rxc3 27. Be3 Bc7 28.
Bxb6 Qxb6 29. Qxd7 Qxb7 30. Qe8+ Kh7 31. Qxf7 Qc6 32.
Nh4 Qf6 33. Qxf6 gxf6 34. Rd1 Bb6 35. Rd7+ Kg8 36. f3 Be3 37. Nf5 Bf4+ 38. g3 Rc2+ 39. Kg1 Bc1 40. Rb7 b4 41. Rxb4 Bd2 42. Rb7 Bc3 43.
Kf1 h5 44. Ne7+ Kf7 45. Nd5+ Kg6 46. b4 Bd4 47. Ke1 Bf2+ 48. Kd1 Rb2 49. b5 Bxg3 50. b6 Bf2 51. Rb8 Bxb6 52. Rxb6 Rh2 53. Rxf6+ Kg5 54.
Rf5+ Kh4 55. Rxe5 Rxh3 56. Rf5 Kg3 57. Nf4 Rh1+ 58. Ke2 h4 59. Nh5+ Kh3 60. Nf4+ Kg3 61.
Nh5+ Kh3 62. e5 Rh2+ 63. Ke3 Ra2 64. Nf4+ Kh2 65. e6 Ra3+ 66. Ke4 Ra7 67. Ke5 Kg3 68. Rg5+ Kxf3 69. Nd5 h3 70. e7 Ra8 71. Ke6 h2 72. Rh5 Kg2 73. Kf7 Ra7 74. Rh6 h1=Q 75. Rxh1 Rxe7+ 76. Kxe7 Kxh1 1/2-1/2

[Event "*** Titled Tuesday Blitz"]
[Site "Chess.com"]
[Date "2020.12.29"]
[Round "2"]
[White "malakismayil"]
[Black "sorrm8thatscheckm8"]
[Result "0-1"]
[WhiteElo "2308"]
[BlackElo "2495"]
[TimeControl "180+1"]
[EndTime "10:19:48 PST"]
[Termination "sorrm8thatscheckm8 won by checkmate"]

1. e4 f6 2. d4 g6 3. Bc4 Bg7 4.
c3 b6 5. Nf3 Bb7 6. Qe2 Nh6 7.
O-O Nf7 8. Bd3 O-O 9. Bf4 e5 10. Bg3 d6 11. Nbd2 Nd7 12. h4 h5 13. Nh2 Nh6 14. f4 Qe7 15. Rae1 Rae8 16. f5 gxf5 17. exf5 Qf7 18. Qf2 d5 19. dxe5 Nxe5 20. Bxe5 fxe5 21.
Qe2 Bf6 22. Qf2 c5 23. Bb1 e4 24. Qf4 Qg7 25. Kh1 Be5 26. Qg5 Qxg5 27. hxg5 Nxf5 28. Kg1 Ng3 29. Rxf8+ Rxf8 30. Nhf1 Ba6 31. Ne3 Ne2+ 32. Kh1 Bf4 33. Ndf1 Bxg5 34. Nxd5 Rxf1+ 35. Rxf1 Ng3+ 36. Kg1 Nxf1 37. Bxe4 Ne3 38. Nc7 Bc4 39. b3 Bf7 40. Nb5 a6 41. Nd6 Be6 42. c4 Bf4 43. Nb7 Be5 44.
Nd8 Bf7 45. Nc6 Bd4 46. Ne7+ Kf8 47. Nc6 Nd1+ 48. Kh2 Nc3 49. Bf3 Nxa2 50. Na7 Nc1 51. Nc8 Nxb3 52. Nxb6 a5 53. Nd7+ Ke7 54. Nb6 Nd2 55. Bd1 Nxc4 56. Na4 Ne5 57. Bc2 Ng4+ 58. Kg3 Be6 59. Kf3 Ne3 60. Ke4 Nxc2 61. Kd3 Nb4+ 62.
Kd2 Bf5 63. Nb2 Be6 64. Nd3 Nxd3 65. Kxd3 a4 66. Ke4 a3 67. g4 a2 68. gxh5 a1=Q 69. h6 Qe1+ 70. Kf4 Qe5+ 71. Kf3 Bd5+ 72. Kg4 Qe4+ 73. Kg5 Bf6+ 74. Kh5 Bf7# 0-1

[Event "*** Titled Tuesday Blitz"]
[Site "Chess.com"]
[Date "2020.12.29"]
[Round "2"]
[White "imdvb6307"]
[Black "zaur-mammadov"]
[Result "1/2-1/2"]
[WhiteElo "2354"]
[BlackElo "2720"]
[TimeControl "180+1"]
[EndTime "10:19:50 PST"]
[Termination "Game drawn - insufficient material"]

1. e4 c6 2. d4 d5 3. Nd2 dxe4 4.
Nxe4 Nf6 5. Ng3 h5 6. h4 e5 7. Nf3 exd4 8. Qxd4 Qxd4 9. Nxd4 Bc5 10. Nb3 Bd6 11. Be2 Bxg3 12. fxg3 O-O 13. Bf4 Re8 14.
Kf2 Ne4+ 15. Kf1 Nd7 16. Bxh5 Ndf6 17. Bf3 Bg4 18. Re1 Rad8 19. Nc1 Nc5 20. Kf2 Nce4+ 21. Kf1 Nc5 22. Kf2 Ne6 23. Be5 Bxf3 24. gxf3 Nd5 25.
Nd3 f6 26. Bc3 Nxc3 27. bxc3 Kf7 28. Re4 Nc7 29. Rxe8 Rxe8 30. c4 b6 31. Re1 Rd8 32. Re4 c5 33. a4 Ne6 34. Nf4 Nxf4 35. Rxf4 Rd2+ 36. Ke3 Rxc2 37. a5 bxa5 38. Kd3 Rf2 39. Rf5 a4 40. Ke3 Rc2 41. Rxc5 a3 42. Ra5 a2 43.
Rxa7+ Kg6 44. g4 Rb2 45. c5 Rc2 46. c6 Rxc6 47. Rxa2 Rc3+ 48. Kf4 Rc4+ 49. Kg3 Rb4 50. Ra7 Rc4 51. Ra3 Rb4 52. Re3 Rc4 53. f4 Rb4 54. f5+ Kf7 55. g5 fxg5 56. hxg5 Rc4 57. Ra3 Rb4 58.
Ra7+ Kf8 59. g6 Rc4 60. Rf7+ Kg8 61. Ra7 Kf8 62. Kf3 Rb4 63. Ke3 Rc4 64. Rf7+ Kg8 65. Re7 Kf8 66. Re4 Rc5 67. Kf4 Rb5 68. Ra4 Rc5 69.
Ra8+ Ke7 70. Kg5 Rc1 71. Rg8 Rg1+ 72. Kh4 Kf6 73. Rf8+ Ke5 74. Rf7 Kf4 75. Kh3 Rg5 76.
Rxg7 Kxf5 77. Rg8 Rxg6 78. Rxg6 Kxg6 1/2-1/2

[Event "*** Titled Tuesday Blitz"]
[Site "Chess.com"]
[Date "2020.12.29"]
[Round "2"]
[White "alexgo05"]
[Black "GoltsevDmitry2000"]
[Result "1/2-1/2"]
[WhiteElo "2489"]
[BlackElo "2697"]
[TimeControl "180+1"]
[EndTime "10:20:00 PST"]
[Termination "Game drawn by stalemate"]

1. e4 c5 2. Nf3 e6 3. Nc3 Nc6 4. d4 cxd4 5. Nxd4 a6 6. g3 Qc7 7. Bg2 Bb4 8. O-O Nge7 9. Nce2 O-O 10. b3 Nxd4 11. Qxd4 Bc5 12. Qd3 b5 13. Bb2 f6 14.
Rfd1 Nc6 15. c4 Ne5 16. Qc2 bxc4 17. bxc4 Bb7 18. Rac1 Bc6 19. Nd4 Rab8 20. Nxc6 Qxc6 21. h3 Rf7 22. Ba1 d6 23. Kh2 Rfb7 24. f4 h5 25. fxe5 dxe5 26. Rb1 h4 27. g4 Be3 28. Rxb7 Rxb7 29. Bb2 Kh7 30. Bc1 Bd4 31. Rd3 Qc5 32. Rb3 Rc7 33. Qd3 Qxc4 34. Qxc4 Rxc4 35. Be3 Rc2 36.
Bxd4 exd4 37. Ra3 Kg6 38. Rxa6 e5 39. Ra3 Kg5 40. Kg1 Kf4 41. Kf1 g6 42. Rf3+ Kg5 43.
Rf2 Rc1+ 44. Ke2 Ra1 45. Kd3 Rc1 46. Rc2 Rd1+ 47. Kc4 d3 48. Rb2 Rg1 49. Kxd3 Kf4 50. Kc4 Kg3 51. a4 Ra1 52. Kb5 f5 53. gxf5 gxf5 54. exf5 Rd1 55. a5 Rd8 56. Ka4 Rd6 57. f6 Rxf6 58. Bd5 e4 59. Kb5 Rf4 60. Bc6 e3 61. a6 Rf5+ 62. Kb6 Rf2 63. Rb3 Kf4 64.
a7 Ra2 65. a8=Q Rd2 66. Kc7 e2 67. Qf8+ Ke5 68. Rb5+ Kd4 69. Qb4+ Ke3 70. Re5+ Kf2 71. Qxd2 Kg1 72. Qxe2 1/2-1/2

[Event "*** Titled Tuesday Blitz"]
[Site "Chess.com"]
[Date "2020.12.29"]
[Round "2"]
[White "ajkom197"]
[Black "ODreamchess"]
[Result "0-1"]
[WhiteElo "2400"]
[BlackElo "2675"]
[TimeControl "180+1"]
[EndTime "10:20:05 PST"]
[Termination "ODreamchess won by resignation"]

1. d4 Nf6 2. Nf3 g6 3. Bf4 Bg7 4. e3 O-O 5. Nbd2 b6 6. Be2 Bb7 7. h3 Ne4 8. Nxe4 Bxe4 9. O-O d6 10. Nd2 Bb7 11. Bh2 Nd7 12. Bf3 Qc8 13. a4 a6 14. c3 Re8 15. b4 e5 16. Qb3 a5 17.
bxa5 Rxa5 18. Bxb7 Qxb7 19. Nc4 Ra7 20. dxe5 Bxe5 21.
Bxe5 Nxe5 22. Nxe5 Rxe5 23. Rfd1 Rg5 24. g3 h5 25. h4 Rga5 26. Rd4 Qc6 27. Ra2 Qd7 28.
Rb4 Rc5 29. Rd2 Qe6 30. c4 Qe4 31. Rd5 Ra8 32. Qd3 Qxd3 33. Rxd3 f6 34. Kg2 Kf7 35. e4 Ke6 36. f4 g5 37. hxg5 fxg5 38. Rd5 Rg8 39.
Kf3 gxf4 40. gxf4 h4 41. f5+ Kf6 42. Kf4 h3 43. Rb3 Rh8 44. Rxc5 h2 45. Rb1 bxc5 46. Rh1 Rh4+ 47. Kf3 Ke5 48. a5 Rf4+ 49. Kg3 Rxe4 50.
Rxh2 Rxc4 51. Ra2 Rb4 52. a6 Rb8 53. a7 Rg8+ 54. Kh4 Ra8 55. Kg5 c4 56. f6 Ke6 57.
Kg6 d5 58. f7 c3 59. Re2+ Kd7 60. Re8 Rxa7 61. f8=Q Ra6+ 62. Kf5 Rd6 63. Qe7+ Kc6 64.
Qe3 d4 65. Qd3 Kc5 66. Re5+ Kb6 67. Ke4 c5 68. Rd5 Rc6 69. Rd8 Kc7 70. Ra8 Re6+ 71. Kd5 Rc6 72. Qa6 Rxa6 73. Rxa6 c2 74. Rc6+ Kd7 75.
Rxc5 d3 76. Ke4 d2 77. Rxc2 d1=Q 78. Rc4 Ke6 79. Rd4 Qe2+ 0-1

[Event "*** Titled Tuesday Blitz"]
[Site "Chess.com"]
[Date "2020.12.29"]
[Round "2"]
[White "Mischuk_D"]
[Black "alexg2003"]
[Result "1/2-1/2"]
[WhiteElo "2658"]
[BlackElo "2398"]
[TimeControl "180+1"]
[EndTime "10:20:06 PST"]
[Termination "Game drawn by repetition"]

1. e4 e6 2. d4 d5 3. Nc3 dxe4 4. Nxe4 Bd7 5. Nf3 Bc6 6. Bd3 Nd7 7. O-O Ngf6 8. Qe2 Nxe4 9. Bxe4 Bxe4 10. Qxe4 c6 11. Bf4 Be7 12. Rad1 O-O 13. c3 Qa5 14. a3 Qb5 15.
Qc2 Bf6 16. Rfe1 Rfd8 17. h4 g6 18. Bg5 Qf5 19. Qxf5 gxf5 20. g3 Kg7 21. Kg2 h6 22. Bxf6+ Nxf6 23. Ne5 a5 24. a4 h5 25. Nc4 Nd5 26. Kf3 Kf6 27. Rd2 b5 28. Ne5 Rdc8 29.
Nd7+ Ke7 30. Nc5 Rcb8 31. Re5 Kd6 32. Re1 Nb6 33. axb5 cxb5 34. Ra1 a4 35. Nd3 Nc4 36. Re2 f6 37. Nf4 e5 38. dxe5+ fxe5 39. Rd1+ Kc6 40. Nxh5 Rd8 41. Ra1 Rd3+ 42. Kg2 Rf8 43. Ng7 Kd5 44. h5 f4 45. gxf4 exf4 46. f3 Ne3+ 47. Kf2 Rh8 48. Rh1 Ke5 49. h6 Kf6 50. Nh5+ Kg5 51. Ng7 Rxh6 52.
Rxh6 Kxh6 53. Ne6 Nd1+ 54. Ke1 Nxc3 55. bxc3 Rxc3 56. Nxf4 Rxf3 57. Nd5 Rd3 58. Nb4 Rb3 59. Re4 Kg5 60. Kd2 Kf5 61. Rh4 Ke5 62. Kc2 Kd6 63. Nd3 Kc6 64. Rh6+ Kd5 65. Nc1 Rg3 66. Ne2 Rg2 67.
Kd3 Kc5 68. Rh4 Kb6 69. Nd4 Ka5 70. Rh5 Rg3+ 71. Kc2 Rg2+ 72. Kc1 Rg1+ 73. Kd2 Rg2+ 74. Ke3 Rb2 75. Rh4 a3 76. Rh8 Kb4 77. Ra8 a2 78. Kd3 Kc5 79. Kc3 Rb1 80. Rxa2 b4+ 81. Kd3 Rd1+ 82. Kc2 Rxd4 83. Ra8 Kc4 84. Rc8+ Kb5 85.
Rh8 Rg4 86. Rb8+ Kc4 87. Rc8+ Kb5 88. Rb8+ Kc4 89. Rc8+ Kb5 90. Rb8+ 1/2-1/2

[Event "*** Titled Tuesday Blitz"]
[Site "Chess.com"]
[Date "2020.12.29"]
[Round "2"]
[White "ClydeHillKid"]
[Black "elohunter1999"]
[Result "0-1"]
[WhiteElo "2380"]
[BlackElo "2697"]
[TimeControl "180+1"]
[EndTime "10:20:06 PST"]
[Termination "elohunter1999 won by resignation"]

1. e4 c5 2. Nf3 d6 3. d4 cxd4 4. Nxd4 Nf6 5. Nc3 g6 6. Be3 Bg7 7. f3 O-O 8. Qd2 Nc6 9. Bc4 Bd7 10. O-O-O Rc8 11. Bb3 Ne5 12. Kb1 Nc4 13. Bxc4 Rxc4 14. g4 b5 15. Ndxb5 Qa5 16. Nd4 Rfc8 17. Nb3 Qc7 18.
g5 Nh5 19. Nd5 Qd8 20. c3 a5 21. Bb6 Qf8 22. Nxa5 Ra4 23. Nb3 Bb5 24. Bd4 Qd8 25. Nb6 Bxd4 26. Nxc8 Be5 27. Nc5 Qxc8 28. Nxa4 Bxa4 29.
b3 Bd7 30. Kb2 Nf4 31. h4 Ne2 32. Rc1 Nxc1 33. Rxc1 Qa6 34. Rd1 Be6 35. Qd3 Qb6 36. Qd2 Qc5 37. f4 Bg7 38. Re1 Qc7 39. Qe3 Qa5 40. Rc1 h5 41. Rd1 Qa6 42. Re1 Kh7 43.
Re2 Bg4 44. Re1 Qb5 45. Rc1 e5 46. f5 gxf5 47. Rf1 f4 48. Qf2 Qc6 49. Re1 d5 50. exd5 Qxd5 51. Qc2+ Kg8 52. Qe4 Qxe4 53. Rxe4 Bf3 54.
Re1 e4 55. Kc2 e3 56. Kd3 Bg4 57. Ke4 Bc8 58. Kxf4 Bxc3 59. Rxe3 Bd2 60. Kf3 Bxe3 61. Kxe3 Kg7 62. Kf4 Kg6 63. Ke5 Bb7 64. a4 Bf3 65. a5 Bd1 66. a6 Bf3 67. b4 Bg2 68. b5 Bf1 69. b6 Bxa6 70. Kd6 Kf5 71. Ke7 Kg6 72.
Kd6 f6 73. gxf6 Kxf6 74. Kd5 Kf5 75. Kd4 Kg4 76. Ke4 Kxh4 77. Kf4 Kh3 78. Kf3 h4 79. Kf2 Kh2 80. Kf3 Bb7+ 81. Kf2 h3 82. Kf1 Kg3 83.
Kg1 h2+ 84. Kf1 h1=Q+ 85. Ke2 Qc6 86. Kd3 0-1

[Event "*** Titled Tuesday Blitz"]
[Site "Chess.com"]
[Date "2020.12.29"]
[Round "2"]
[White "ExtremeLearner"]
[Black "nubair1198"]
[Result "1/2-1/2"]
[WhiteElo "2356"]
[BlackElo "2739"]
[TimeControl "180+1"]
[EndTime "10:20:06 PST"]
[Termination "Game drawn by repetition"]

1. d4 d5 2. Nf3 Nf6 3. g3 Bf5 4. Bg2 e6 5. c4 c6 6. Nc3 Nbd7 7. Qb3 Qb6 8. c5 Qxb3 9. axb3 a6 10. b4 Rc8 11.
Bf4 h6 12. h4 Ne4 13. Nxe4 Bxe4 14. O-O Be7 15. Nd2 Bxg2 16. Kxg2 g5 17. hxg5 hxg5 18. Be3 f5 19. Nb3 Kf7 20. Na5 Rb8 21. Rh1 Rxh1 22.
Rxh1 Kg6 23. f4 g4 24. Bd2 Bd8 25. Bc3 Bc7 26. e3 Nf6 27. Ra1 Ne4 28. Be1 Bxa5 29.
bxa5 Rh8 30. Ra4 Rh7 31. Rb4 Re7 32. Rb3 Kf7 33. Rb6 Ke8 34. Rb3 Kd8 35. Rb4 Kc8 36. Rb3 Rh7 37. Rb4 Rh3 38. Rb3 Nf6 39. Rc3 Ne4 40. Rc1 Rh7 41. Ra1 Nf6 42. Rc1 Ne8 43. Rc3 Nc7 44. Rb3 Nb5 45. Rxb5 cxb5 46. b4 Kd7 47. Bf2 Kc6 48. Be1 Rh8 49. Bc3 Ra8 50. Bd2 Rh8 51. Bc3 Kd7 52. Bd2 Rc8 53. Bc3 Ra8 54. Bd2 Re8 55. Bc3 Kc6 56. Bb2 b6 57. axb6 a5 58. bxa5 b4 59. a6 Kb5 60. a7 Kc6 61.
Kf2 Kb7 62. Bc1 Rh8 63. Kg2 Kc6 64. Bd2 b3 65. Bc3 Kb7 66. Bb2 Rc8 67. Kf2 Rh8 68. Kg2 Ra8 69. Kf2 Rh8 70. Ke2 Rh2+ 71. Kd3 Rc2 72. Bc3 Rc1 73. Bb2 Rc4 74. Bc3 Ka8 75.
Bb2 Kb7 76. Bc3 Ra4 77. Bb2 Rc4 1/2-1/2

[Event "*** Titled Tuesday Blitz"]
[Site "Chess.com"]
[Date "2020.12.29"]
[Round "2"]
[White "Loy_Konstantin"]
[Black "bylavochka"]
[Result "1-0"]
[WhiteElo "2404"]
[BlackElo "2142"]
[TimeControl "180+1"]
[EndTime "10:20:06 PST"]
[Termination "Loy_Konstantin won by resignation"]

1. e4 c5 2. Nf3 d6 3. d4 cxd4 4. Qxd4 Nc6 5. Bb5 Qa5+ 6. Nc3 Bd7 7. Bxc6 bxc6 8. e5 d5 9. Bd2 e6 10. Na4 Qb5 11. Nc3 Qc5 12. O-O Qxd4 13. Nxd4 Rb8 14. b3 c5 15. Nf3 Ne7 16. Rfe1 h5 17. Ne2 Nf5 18. Ng3 Nxg3 19. hxg3 Be7 20. Bg5 f6 21. exf6 gxf6 22. Bf4 e5 23. Nxe5 fxe5 24. Bxe5 Kf7 25. Bxh8 Rxh8 26. Rad1 Bc6 27. Rd3 d4 28. a4 Bf6 29. f3 Rd8 30. Kf2 Bd7 31. Rd2 Bf5 32. Rh1 Bg6 33. Re2 c4 34. bxc4 Rc8 35.
Rb1 Rxc4 36. Rb7+ Kg8 37. Rxa7 Rxc2 38. Rxc2 Bxc2 39. Rd7 d3 40. a5 Bc3 41. a6 d2 42. Ke2 d1=Q+ 43. Rxd1 Bxd1+ 44. Kxd1 Bd4 45.
Ke2 Ba7 46. Kd3 Kg7 47. Ke4 Kg6 48. Kf4 Kf6 49. g4 hxg4 50. Kxg4 Kg6 51. Kf4 Kf6 52. g3 Kg6 53. Kg4 Kf6 54. f4 Kg6 55. Kf3 Kf6 56.
g4 Kg6 57. Kg3 Kf6 58. Kf3 Kg6 59. Ke4 Kf6 60. g5+ Ke6 61. f5+ Kd6 62. f6 Ke6 63. Kf4 Bb8+ 64. Kg4 Kf7 65. Kf5 Ba7 66. g6+ Kf8 67.
Ke6 Bc5 68. g7+ Kg8 69. Kd5 Bf2 70. Ke5 Kf7 71. Kf5 Bd4 72. Ke4 Ba7 73. Ke5 Bb6 74.
Kf5 Ba7 75. Kg5 Bb6 76. Kh6 Be3+ 77. Kh7 Ba7 78. g8=Q+ Kxf6 79. Qg7+ 1-0

[Event "*** Titled Tuesday Blitz"]
[Site "Chess.com"]
[Date "2020.12.29"]
[Round "2"]
[White "ChampStan"]
[Black "kai_nov"]
[Result "1-0"]
[WhiteElo "2179"]
[BlackElo "2391"]
[TimeControl "180+1"]
[EndTime "10:20:14 PST"]
[Termination "ChampStan won by checkmate"]

1. d4 d5 2. c4 e6 3. Nc3 c6 4.
e4 dxe4 5. Nxe4 Bb4+ 6. Bd2 Qxd4 7. Bxb4 Qxe4+ 8. Ne2 Na6 9. Bf8 Ne7 10. Bxg7 Rg8 11. Bc3 e5 12. f3 Qxc4 13. Nd4 Qd5 14. Nb3 f6 15. Bxa6 bxa6 16. Qe2 Be6 17. Rd1 Qc4 18. Qxc4 Bxc4 19. Kf2 Bxb3 20. axb3 Nd5 21. Ra1 Kd7 22. Rxa6 Rgb8 23. Rha1 Rxb3 24. Rxa7+ Rxa7 25. Rxa7+ Ke6 26. Rxh7 Nxc3 27. bxc3 Rxc3 28. h4 Rc1 29. h5 c5 30.
Rc7 Rh1 31. Rxc5 Rxh5 32. g4 Rh2+ 33. Kg3 Rd2 34. Rc6+ Rd6 35. Rc8 Ra6 36. Rh8 Ra3 37. Kf2 Kf7 38. Rh5 Kg6 39. Rf5 Rc3 40. Kg2 Rc2+ 41.
Kg3 Rc3 42. Kf2 Rb3 43. Kg2 Rb4 44. Kg3 Rb3 45. Kf2 Ra3 46. Kg2 Ra4 47. Kg3 e4 48.
Rf4 Ra1 49. Rxe4 Kg5 50. f4+ Kg6 51. Re2 Ra3+ 52. Kh4 Ra4 53. f5+ Kh6 54. Re6 Kg7 55. Re7+ Kf8 56. Rb7 Rc4 57. Kh5 Ke8 58. Ra7 Rb4 59. Kg6 Rxg4+ 60. Kxf6 Rb4 61. Ra8+ Kd7 62. Kg7 Rg4+ 63. Kf7 Rb4 64. f6 Rb7 65. Re8 Kd6+ 66. Re7 Rb8 67. Kg7 Rc8 68. Re2 Rb8 69. f7 Rb1 70. f8=Q+ Kd5 71. Qf5+ Kd4 72. Qxb1 Kc3 73. Rc2+ Kd3 74. Qd1+ Ke3 75. Re2+ Kf3 76. Qf1+ Kg3 77. Rg2+ Kh3 78. Qh1# 1-0

[Event "*** Titled Tuesday Blitz"]
[Site "Chess.com"]
[Date "2020.12.29"]
[Round "2"]
[White "Sueetin"]
[Black "Karateloru"]
[Result "0-1"]
[WhiteElo "2505"]
[BlackElo "2749"]
[TimeControl "180+1"]
[EndTime "10:20:22 PST"]
[Termination "Karateloru won by resignation"]

1. d4 Nf6 2. c4 e6 3. Nf3 d5 4.
Nc3 Nbd7 5. g3 dxc4 6. Bg2 Rb8 7.
O-O b5 8. b3 b4 9. Na4 c3 10. a3 a5 11. Bf4 Bd6 12. Ne5 Bb7 13.
Bxb7 Rxb7 14. axb4 axb4 15. Nc6 Qc8 16. Bg5 h6 17.
Bc1 O-O 18. f3 Re8 19. e4 e5 20. d5 Nb8 21. Na5 Ra7 22. Nc4 Nbd7 23. Be3 Ra6 24. Qe2 Qb7 25. Qf2 Rea8 26. Ra2 Nb6 27. Nxd6 cxd6 28. Bxb6 Rxb6 29. Nxb6 Rxa2 30. Qxa2 Qxb6+ 31.
Kg2 Nd7 32. Qa8+ Kh7 33. Qc6 Qa7 34. Qc4 Qc5 35. Qd3 Qd4 36. Qb5 Nc5 37. Qe8 Qd2+ 38. Rf2 Qg5 39. Qxf7 Nxb3 40. h4 Qf6 41. Qb7 Nd4 42.
Qxb4 c2 43. Qc3 g5 44. hxg5 hxg5 45. Rxc2 g4 46. fxg4 Nxc2 47. Qxc2 Qg5 48. Qe2 Kg7 49. Qf3 Qd2+ 50. Kh3 Qh6+ 51. Kg2 Qd2+ 52. Qf2 Qd3 53. Qf5 Qe2+ 54. Kh3 Qe1 55. Qg5+ Kf7 56. Qf5+ Kg7 57.
Qd7+ Kg8 58. Qe8+ Kg7 59. Qe7+ Kg8 60. Kh4 Qxe4 61. Kh5 Qh7+ 62. Qxh7+ Kxh7 63. Kg5 Kg7 64. Kf5 Kf7 65. g5 Kg7 66. g4 Kf7 67. g6+ Kg7 68.
g5 Kg8 69. Ke6 e4 70. Kxd6 e3 71. Kc7 e2 72. d6 e1=Q 73. d7 Qc3+ 74. Kb8 Qb4+ 75.
Kc8 Qc5+ 76. Kb8 Qd6+ 77. Kc8 Qc6+ 78. Kd8 Kg7 79. Ke8 Kxg6 80. Ke7 Qe4+ 81. Kf8 Qd5 82. Ke8 Qe6+ 83. Kd8 Kxg5 84. Kc7 Qc4+ 85. Kb8 Qb5+ 86. Kc8 Qc6+ 87. Kb8 Qxd7 0-1

[Event "*** Titled Tuesday Blitz"]
[Site "Chess.com"]
[Date "2020.12.29"]
[Round "2"]
[White "mbachez"]
[Black "SaraciNderim"]
[Result "0-1"]
[WhiteElo "2539"]
[BlackElo "2834"]
[TimeControl "180+1"]
[EndTime "10:20:24 PST"]
[Termination "SaraciNderim won by resignation"]

1. e4 e5 2. Nf3 Nc6 3. Bb5 Nf6 4. d3 Bc5 5. O-O Nd4 6. Bc4 d6 7. c3 Nxf3+ 8. Qxf3 h6 9. h3 O-O 10. Nd2 Be6 11. Qg3 Nh5 12. Qf3 Nf4 13. Nb3 Bxc4 14.
dxc4 Ne6 15. Qg4 Qf6 16. Be3 Bxe3 17. fxe3 Qg6 18. Qf5 a5 19. Rf2 a4 20. Nd2 Nc5 21.
Raf1 Nd3 22. Rf3 Qxf5 23. exf5 Nxb2 24. Rb1 a3 25. f6 g6 26. Kf2 Ra4 27. Ke2 b6 28. Rg3 Rfa8 29. Rg4 Kf8 30. Rf1 Ke8 31. Rh4 h5 32. g4 hxg4 33. hxg4 Kd7 34. g5 Ke6 35. Rfh1 Kf5 36. Rf1+ Ke6 37. Rfh1 R8a5 38.
Rh8 Ra8 39. e4 Kd7 40. R1h7 Ke6 41. Rh4 c6 42. R4h7 b5 43. cxb5 cxb5 44. Ke3 Nd1+ 45. Kd3 Nb2+ 46. Kc2 Nc4 47. Nxc4 bxc4 48. Rh1 d5 49.
exd5+ Kxd5 50. Rd1+ Ke6 51. Rdd8 R8a7 52. Rhe8+ Kf5 53.
Rd5 Kxg5 54. Rexe5+ Kxf6 55. Re4 Rb7 56. Kc1 Rb2 57. Rf4+ Ke6 58. Rdd4 f5 59. Rxc4 Rxc4 60. Rxc4 Rxa2 61. Rc6+ Kd5 62. Rxg6 Rf2 63. Kb1 Kc4 64. Rc6+ Kb3 65. Rb6+ Kxc3 66. Rc6+ Kd4 67. Ra6 Rb2+ 68. Ka1 Rb3 69. Rf6 Ke4 70. Rf8 f4 71. Ka2 Rd3 72.
Re8+ Kf3 73. Rh8 Ke3 74. Rh3+ f3 75. Rh8 Ke2 76. Re8+ Re3 77. Rh8 f2 0-1

[Event "*** Titled Tuesday Blitz"]
[Site "Chess.com"]
[Date "2020.12.29"]
[Round "2"]
[White "dropstoneDP"]
[Black "Aygehovit1992"]
[Result "1-0"]
[WhiteElo "2952"]
[BlackElo "2593"]
[TimeControl "180+1"]
[EndTime "10:20:57 PST"]
[Termination "dropstoneDP won by resignation"]

1. e4 d6 2. d4 g6 3. Nf3 Bg7 4. a4 Nf6 5. Nc3 Bg4 6. h3 Bxf3 7. Qxf3 Nc6 8. d5 Nb4 9. Qd1 O-O 10. a5 c6 11. Bc4 Rc8 12. dxc6 Rxc6 13. Bb3 Rxc3 14. bxc3 Nxe4 15. O-O Nxc3 16. Qf3 Ne2+ 17. Qxe2 Bxa1 18.
Bd2 Qxa5 19. Bxb4 Qxb4 20. Rxa1 Qd4 21. Ra4 Qf6 22. Rxa7 Rb8 23. g3 e6 24. h4 d5 25.
Qe3 h5 26. Kg2 Qf5 27. Ra4 Qf6 28. Rb4 b5 29. Qc5 Qf5 30. Rxb5 Qe4+ 31. Kh2 Rxb5 32. Qxb5 Qd4 33. Qb8+ Kg7 34. Qf4 Qc3 35. Qe3 Qf6 36. c3 Qf5 37. Kg2 Qb1 38. Qd4+ Kg8 39. Bd1 Qb7 40. Bf3 Qc7 41. Be2 Qb7 42. c4 dxc4+ 43.
Kh2 Qb5 44. Bxc4 Qf5 45. Kg2 Qc2 46. Qd3 Qb2 47. Qe2 Qd4 48. Bd3 Kg7 49. Qe4 Qa1 50.
Be2 Qb2 51. Bf3 Qc3 52. Qe3 Qa1 53. Qf4 Qb2 54. Be4 Qd4 55. Qe3 Qa1 56. Bf3 Qb2 57.
Be2 Qa1 58. f4 Qa8+ 59. Kf2 Qa2 60. Qe5+ Kg8 61. Qb8+ Kg7 62. Qe5+ Kg8 63. Qd4 Qc2 64. Qd3 Qc5+ 65. Qe3 Qc2 66. Ke1 Qb1+ 67. Bd1 Qb4+ 68. Ke2 Qb7 69. Bc2 Qg2+ 70. Kd3 Qd5+ 71. Kc3 Qc6+ 72. Kb2 Qb5+ 73. Bb3 Qc6 74. Qc3 Qg2+ 75.
Ka3 Qa8+ 76. Ba4 Qe4 77. Bc6 Qe2 78. Kb4 Qd1 79. Ka5 Qd8+ 80. Ka6 Qc8+ 81. Kb6 Qb8+ 82.
Bb7 Qd6+ 83. Ka7 Qe7 84. Kb8 Qd8+ 85. Qc8 Qxc8+ 86. Kxc8 Kg7 87. Kd7 Kf6 88. Be4 e5 89. Kd6 exf4 90. gxf4 Kg7 91. Ke7 f6 92. Bxg6 Kxg6 93. Ke6 Kg7 94. f5 Kg8 95. Kxf6 Kf8 96. Kg5 Kg7 97. Kxh5 Kf6 98. Kg4 1-0

[Event "*** Titled Tuesday Blitz"]
[Site "Chess.com"]
[Date "2020.12.29"]
[Round "3"]
[White "sakkikuska"]
[Black "Alexandercs432"]
[Result "1/2-1/2"]
[WhiteElo "2355"]
[BlackElo "2204"]
[TimeControl "180+1"]
[EndTime "10:22:39 PST"]
[Termination "Game drawn by repetition"]

1. e4 c5 2. Nf3 e6 3. d4 cxd4 4.
Nxd4 Nc6 5. Nc3 Qc7 6. Be3 a6 7. Be2 Nf6 8. O-O Bb4 9. Na4 O-O 10. Nxc6 bxc6 11. Nb6 Rb8 12. Nxc8 Rfxc8 13. f3 Bd6 14. g3 Bxg3 15. hxg3 Qxg3+ 16. Kh1 Qh3+ 17. Kg1 Qg3+ 18. Kh1 Qh3+ 19. Kg1 Qg3+ 1/2-1/2

[Event "*** Titled Tuesday Blitz"]
[Site "Chess.com"]
[Date "2020.12.29"]
[Round "3"]
[White "Gerryisplaying"]
[Black "Chesswizard_2007"]
[Result "0-1"]
[WhiteElo "2295"]
[BlackElo "2656"]
[TimeControl "180+1"]
[EndTime "10:22:44 PST"]
[Termination "Chesswizard_2007 won by resignation"]

1. d4 Nf6 2. Bg5 d5 3. Bxf6 exf6 4. e3 Bd6 5. g3 c6 6. Bg2 h5 7. Ne2 h4 8. Qd3 Be6 9. Nd2 Qd7 10. O-O-O Na6 11. c3 O-O-O 12. Kb1 g5 13. Nb3 h3 14. Bf1 Bf5 0-1